 Dungeon Crawl Stone Soup version 0.31-a0-426-g3a05650e59 (webtiles) character file.

Game seed: 17847835537567155709

175 Dordric the Cleaver (level 5, -5/45 HPs)
             Began as a Hill Orc Monk on July 30, 2023.
             Was a Follower of Beogh.
             Killed from afar by Ijyb (18 damage)
             ... with a bolt of acid
             ... on level 3 of the Dungeon.
             The game lasted 00:04:37 (1993 turns).

Dordric the Cleaver (Hill Orc Monk)                 Turns: 1993, Time: 00:04:38

Health: -5/45      AC: 12    Str: 16    XL:     5   Next: 55%
Magic:  2/5        EV:  0    Int: 10    God:    Beogh [*.....]
Gold:   124        SH:  0    Dex: 13    Spells: 4/4 levels left

rFire   . . .        a - +0 hand axe
rCold   . . .        d - orb {light}
rNeg    . . .        i - +0 crystal plate armour
rPois   .            (no helmet)
rElec   .            (no cloak)
rCorr   .            e - +0 pair of gloves
SInv    +            u - +0 pair of boots
Will    .....        (no amulet) Stlth
                     n - ring of see invisible
HPRegen 0.27/turn    (no ring)
MPRegen 0.09/turn

%: no passive effects
@: corroded, glowing
A: no striking features
a: Renounce Religion


You were on level 3 of the Dungeon.
You worshipped Beogh.
Beogh was aware of your devotion.
You visited 1 branch of the dungeon, and saw 3 of its levels.

You collected 124 gold pieces.

Inventory:

Hand Weapons
 a - a +0 hand axe (weapon)
Armour
 b - a +0 robe
 d - an orb of light (worn)
 e - a +0 pair of gloves (worn)
 g - a +0 leather armour
 i - a +0 crystal plate armour (worn)
 u - a +0 pair of boots (worn)
Jewellery
 n - a ring of see invisible (left hand)
 o - a +6 ring of intelligence
Scrolls
 f - a scroll of enchant armour
 h - 4 scrolls of identify
 k - a scroll of vulnerability
 l - a scroll of poison {unknown}
 m - a scroll of teleportation {unknown}
 q - a scroll of brand weapon {unknown}
 r - a scroll of acquirement {unknown}
Potions
 c - a potion of ambrosia
 j - 2 potions of curing {unknown}
 p - a potion of attraction {unknown}
 s - a potion of brilliance {unknown}
 t - a potion of mutation {unknown}
 v - a potion of heal wounds {unknown}


   Skills:
 - Level 3.6 Fighting
 + Level 8.0 Axes
 - Level 2.4 Dodging


You had 4 spell levels left.
You didn't know any spells.
Your spell library contained the following spells:

 Spells                   Type           Power      Damage    Failure   Level
 Apportation              Tloc           0%         N/A       100%        1
 Magic Dart               Conj           0%         1d3       100%        1
 Necrotise                Necr           0%         1d4       100%        1
 Summon Small Mammal      Summ           0%         N/A       100%        1
 Searing Ray              Conj           0%         2d4       100%        2
 Summon Guardian Golem    Hex/Summ       0%         N/A       100%        3
 Fulminant Prism          Conj/Hex       0%         3d5       100%        4
 Orb of Destruction       Conj           0%         9d5       100%        7
 Spellforged Servitor     Conj/Summ      0%         N/A       100%        7


Dungeon Overview and Level Annotations

Branches:
Dungeon (3/15)

Altars:
Ru
Yredelemnul
Zin

Annotations:
D:3 Ijyb


Message History

Ijyb is moderately wounded.
You can no longer smite your foes.
An orc comes into view. It is wielding a +0 mace.
The orc shouts!
A kobold comes into view. It is wielding a +0 short sword.
A frilled lizard comes into view.
The frilled lizard hisses angrily.
Ijyb hits you with a +0 club.
You hit Ijyb.
Ijyb is heavily wounded.
Ijyb hits you with a +0 club.
The orc hits the frilled lizard with a +0 club.
The frilled lizard dies!
You completely miss Ijyb.
Ijyb is heavily wounded.
You hit the orc but do no damage. You closely miss Ijyb.
Ijyb is heavily wounded.
You hit the orc.
Ijyb zaps a wand.
The bolt of acid hits you! The acid corrodes you!
The orc hits you but does no damage.
You barely miss Ijyb.
Ijyb is heavily wounded.
You completely miss the orc. You hit the orc but do no damage.
Ijyb hits you with a +0 club. The orc hits you but does no damage.
The orc hits you with a +0 mace.
You hit Ijyb but do no damage.
Ijyb is heavily wounded.
You hit the orc.
You kill the orc!
Beogh accepts your kill.
You barely miss the orc. Ijyb hits you with a +0 club.
The orc hits you with a +0 mace.
* * * LOW HITPOINT WARNING * * *
You hit Ijyb but do no damage.
Ijyb is heavily wounded.
You hit the orc but do no damage. You hit the kobold.
You kill the kobold!
Beogh accepts your kill.
Ijyb zaps a wand.
The bolt of acid hits you!!
You die...

.............###
####
.##..##.....##
###...#.#####
....#...#
###...#.#
........#
####.##)#####
#.........###
#....@..!....
#...)goo..###
#.........#
#..$.........#
###.....o....#
### #..........#
... #.....†....#
#. #.
..........#.
#.### #.
.##....##.


You could see Ijyb, an orc, a neutral orc priest (wandering) and a neutral orc
(wandering).

Vanquished Creatures
  Terence (D:2)
  Natasha (twice) (D:2)
  Robin (D:2)
  An adder (D:2)
  A worm (D:2)
  3 dart slugs
  2 orcs (D:3)
  2 ball pythons (D:1)
  5 bats
  4 endoplasms
  3 giant cockroaches
  8 goblins (D:2)
  14 hobgoblins
  7 kobolds
  4 frilled lizards
  6 rats
64 creatures vanquished.

Vanquished Creatures (others)
  An orc (D:3)
  A frilled lizard (D:3)
2 creatures vanquished.

Grand Total: 66 creatures vanquished

Notes
Turn   | Place    | Note
-------+----------+-------------------------------------------
     0 | D:1      | Dordric the Hill Orc Monk began the quest for the Orb.
     0 | D:1      | Reached XP level 1. HP: 19/19 MP: 1/1
    98 | D:1      | Reached XP level 2. HP: 17/26 MP: 2/2
   206 | D:1      | Found a faded altar of an unknown god.
   353 | D:1      | Reached skill level 5 in Axes
   442 | D:1      | Reached XP level 3. HP: 31/31 MP: 3/3
   703 | D:2      | Noticed Terence
   717 | D:2      | Killed Terence
   718 | D:2      | Reached skill level 6 in Axes
   718 | D:2      | Reached XP level 4. HP: 8/39 MP: 4/4
  1198 | D:2      | Noticed Robin
  1222 | D:2      | Reached skill level 7 in Axes
  1228 | D:2      | Killed Robin
  1278 | D:2      | Noticed Natasha
  1287 | D:2      | Killed Natasha
  1288 | D:2      | Reached XP level 5. HP: 31/45 MP: 5/5
  1410 | D:2      | Noticed Natasha
  1415 | D:2      | Killed Natasha
  1626 | D:3      | Found a basalt altar of Yredelemnul.
  1784 | D:3      | Found a sacrificial altar of Ru.
  1867 | D:3      | Reached skill level 8 in Axes
  1974 | D:3      | Found a glowing silver altar of Zin.
  1975 | D:3      | Became a worshipper of Beogh the Brigand
  1975 | D:3      | Reached * piety under Beogh
  1975 | D:3      | Reached ** piety under Beogh
  1983 | D:3      | Noticed Ijyb
  1993 | D:3      | Killed from afar by Ijyb

Illustrated notes

Levels and vault maps discovered:
D:1:      tarquinn_simple_flora_water_a, layout_rooms,
          hellmonk_ecumenical_altar_lost_god, minmay_quantized
D:2:      layout_loops_ring, minmay_tetromino_o2, uniq_terence, uniq_robin,
          uniq_natasha
D:3:      layout_loops_ring, nemelex_dance_club_becter, lemuel_tele_altar,
          mainiacjoe_overflow_paths, mainiacjoe_overflow_small_starburst,
          kennysheep_generic_room_8, uniq_ijyb

Skill      XL: |  1  2  3  4  5 |
---------------+----------------+-----
Axes           | 5 6 7 8 |  8.0
Fighting       | |  3.6
Dodging        | |  2.4

Action                     |  1- 3 |  4- 6 || total
---------------------------+-------+-------++-------
  Melee: Hand axe          |    95 |   109 ||   204
 Invoke: Smiting           |       |     1 ||     1
         Convert to Beogh  |       |     1 ||     1
    Use: Scroll            |       |     2 ||     2
 Armour: Robe              |     1 |       ||     1
         Leather armour    |     9 |       ||     9
         Crystal plate arm |    26 |    91 ||   117
  Dodge: Dodged            |    44 |     1 ||    45

Table legend: (Time is in decaauts)
 A = Elapsed time spent in this place.
 B = Non-inter-level travel time spent in this place.
 C = Inter-level travel time spent in this place.
 D = Time resting spent in this place.
 E = Time spent auto-exploring this place.
 F = Levels seen in this place.
 G = Mean time per level.
                   A        B        C        D        E       F      G
               +--------+--------+--------+--------+--------+-----+--------+
         Total |   1990 |   1955 |     35 |    216 |   1281 |   3 |  663.3 |
       Dungeon |   1990 |   1955 |     35 |    216 |   1281 |   3 |  663.3 |
               +--------+--------+--------+--------+--------+-----+--------+

Top non-repeatable levels by time:
     D:2: 1048 daAuts
     D:1: 544 daAuts
     D:3: 397 daAuts
